Construct Infanterie Kompanie
Selects Mechanized Battlegroup
Infanterie Officer Quarters
Selects Mobile Repair Stations
Construct Panzergrenadier Kompanie
Pak 40 Anti-tank Gun Team
Selects Stoßtruppen Assault Package
Nebelwerfer 42 Rocket Launcher Team
Selects Zeroing Artillery Barrage
Selects StuG Assault Group
Nebelwerfer 42 Rocket Launcher Team
Pak 40 Anti-tank Gun Team
Nebelwerfer 42 Rocket Launcher Team
Selects Panther Heavy Tank